[Event "Thursday 11 January Rapid Engine Tour 12+1 Rounds 9 Starts 1600 ST"]
[Site "Infinity Chess"]
[Date "2018.1.11"]
[Round "8"]
[White "angriff"]
[Black "KULLANI"]
[Result "1/2-1/2"]
[ECO "C50"]
[WhiteElo "2410"]
[BlackElo "2422"]
[WhiteEngine "SF_64BIT_POPCNT_CTG"]
[BlackEngine "BrainFish_180106_x64_CTG"]
[EventType "Swiss"]
[WhiteTeam ""]
[BlackTeam ""]
[PlyCount "111"]
[TimeControl "720+1"]

1. e4 e5 2. Nf3 Nc6 3. Bc4 Bc5 4. O-O Nf6 5. d3 d6 6. c3 a5 7. Re1 h6 
8. Nbd2 O-O 9. Nf1 Be6 10. Bb5 Ne7 11. d4 exd4 12. cxd4 Bb6 13. d5 Bc8 14. h3 c6 
15. dxc6 Nxc6 16. Be3 Be6 17. Qe2 Rc8 18. a3 Ne5 19. Nxe5 Bxe3 20. Nxe3 dxe5 
21. Bc4 Bxc4 22. Nxc4 Qc7 23. Rac1 Rfd8 24. Rc3 b5 25. Ne3 Qb6 26. Qc2 Rxc3 
27. Qxc3 Nxe4 28. Qxe5 Nf6 29. Rc1 Re8 30. Qc5 Qb8 31. b4 axb4 32. axb4 g6 
33. Qd4 Qe5 34. Qxe5 Rxe5 35. Rc8+ Kg7 36. Rb8 h5 37. g4 Nd7 38. Rb7 Nf8 
39. Kh2 h4 40. Ng2 Re2 41. Nxh4 Rxf2+ 42. Kg3 Rb2 43. Rxb5 Rb3+ 44. Nf3 Ne6 
45. Rd5 Rxb4 46. Ne5 Rb3+ 47. Rd3 Rxd3+ 48. Nxd3 g5 49. Kf3 Kf6 50. Ke4 Nc7 
51. Kd4 Nb5+ 52. Kd5 Nc7+ 53. Ke4 Nb5 54. Kd5 Nc3+ 55. Kd4 Nb5+ 56. Kd5 1/2-1/2

[Event "Thursday 11 January Rapid Engine Tour 12+1 Rounds 9 Starts 1600 ST"]
[Site "Infinity Chess"]
[Date "2018.1.11"]
[Round "8"]
[White "Marsell"]
[Black "Prometheus"]
[Result "1-0"]
[ECO "C53"]
[WhiteElo "2477"]
[BlackElo "2430"]
[WhiteEngine "asmFishW_2018-01-11_popcnt"]
[BlackEngine "Eman 1.58-64bit-IDeA"]
[EventType "Swiss"]
[WhiteTeam ""]
[BlackTeam ""]
[PlyCount "181"]
[TimeControl "720+1"]

1. e4 e5 2. Nf3 Nc6 3. Bc4 Bc5 4. c3 Nf6 5. d3 a6 6. O-O d6 7. a4 h6 8. Re1 O-O 
9. h3 Ba7 10. Nbd2 Nh5 11. Nf1 Qf6 12. Ne3 Nf4 13. Ng4 Qg6 14. Bxf4 exf4 
15. d4 Bxg4 16. hxg4 Qxg4 17. a5 Rae8 18. b4 Ne7 19. b5 axb5 20. Bxb5 c6 
21. Bd3 Rb8 22. a6 b5 23. Qd2 Rfc8 24. Rab1 Rb6 25. Qa2 h5 26. Be2 h4 
27. Kh2 Qe6 28. Qxe6 fxe6 29. Ng5 e5 30. dxe5 dxe5 31. Ra1 Ng6 32. Bg4 Ra8 
33. Red1 Nf8 34. Nf3 Re8 35. Rd6 c5 36. Rxb6 Bxb6 37. Rb1 b4 38. cxb4 cxb4 
39. Rxb4 Bxf2 40. Kh3 Be3 41. Ng5 Ra8 42. Be2 Nd7 43. Bc4+ Kf8 44. Rb7 Ra7 
45. Bb5 Nf6 46. Ne6+ Kg8 47. Bd3 Nd7 48. Bc4 Rxb7 49. axb7 Nb8 50. Ng5+ Kf8 
51. Nf3 Ke7 52. Nxe5 Ba7 53. Kxh4 Kf6 54. Ng4+ Ke7 55. Kg5 Nd7 56. Kxf4 Nc5 
57. Bd5 Nd3+ 58. Kf5 Bb8 59. e5 Nb4 60. Ne3 Nd3 61. e6 Nb4 62. Ke4 Na6 
63. Nf5+ Kf6 64. e7 Nc7 65. Bb3 Ba7 66. Nd4 Kxe7 67. Nc6+ Kd7 68. Nxa7 Na6 
69. Bd5 Kd6 70. Kd4 Kc7 71. Nc6 Kxb7 72. Nb4+ Kb6 73. Nxa6 Kxa6 74. g4 Kb5 
75. g5 Ka4 76. Ke5 Kb5 77. Ke6 Kc5 78. g6 Kd4 79. Ba8 Ke3 80. Kf7 Kf4 
81. Kxg7 Kf5 82. Kf7 Ke5 83. g7 Kd4 84. g8=Q Kc3 85. Kf6 Kd3 86. Ke5 Kc3 
87. Be4 Kd2 88. Kd4 Ke2 89. Qa2+ Ke1 90. Ke3 Kd1 91. Qa1# 1-0

[Event "Thursday 11 January Rapid Engine Tour 12+1 Rounds 9 Starts 1600 ST"]
[Site "Infinity Chess"]
[Date "2018.1.11"]
[Round "8"]
[White "MGR"]
[Black "hafaba"]
[Result "1/2-1/2"]
[ECO "B00"]
[WhiteElo "2484"]
[BlackElo "2442"]
[WhiteEngine "asmFishW_2017-11-19_bmi2"]
[BlackEngine "Stockfish SL 07012018 POPCNT_CTG"]
[EventType "Swiss"]
[WhiteTeam ""]
[BlackTeam ""]
[PlyCount "100"]
[TimeControl "720+1"]

1. e4 Nc6 2. d4 d5 3. e5 Bf5 4. Bb5 e6 5. c3 f6 6. Bxc6+ bxc6 7. Nf3 Ne7 
8. exf6 gxf6 9. Nbd2 Ng6 10. Nf1 h5 11. Ng3 Bg4 12. h3 Bxf3 13. Qxf3 Nh4 
14. Qe2 Kd7 15. Rg1 Qe8 16. Bf4 Qg6 17. O-O-O Re8 18. c4 a5 19. cxd5 exd5 
20. Qa6 Nf5 21. Qd3 Bd6 22. Bxd6 Qh6+ 23. Rd2 Nxd6 24. Nf5 Qh7 25. Nxd6 Qxd3 
26. Rxd3 cxd6 27. Rgd1 a4 28. Rf3 Re2 29. Rd2 Rxd2 30. Kxd2 Ke6 31. Re3+ Kf5 
32. g3 Rb8 33. Kc3 c5 34. b3 axb3 35. axb3 Rh8 36. Rd3 Ke6 37. g4 hxg4 
38. hxg4 Rh6 39. f4 Rh4 40. f5+ Kd7 41. dxc5 dxc5 42. Rxd5+ Kc6 43. Rd3 Rxg4 
44. Re3 Kd6 45. Re6+ Kd5 46. Rxf6 Rg3+ 47. Kc2 Rg5 48. Kd1 Rg4 49. Re6 Rb4 
50. Re8 Rxb3 1/2-1/2

[Event "Thursday 11 January Rapid Engine Tour 12+1 Rounds 9 Starts 1600 ST"]
[Site "Infinity Chess"]
[Date "2018.1.11"]
[Round "8"]
[White "Gilgamesch"]
[Black "Dovahkiin"]
[Result "1/2-1/2"]
[ECO "C11"]
[WhiteElo "2505"]
[BlackElo "2441"]
[WhiteEngine "BrainFish_171005_x64_bmi2"]
[BlackEngine "BrainFish_180106_x64_modern_CTG"]
[EventType "Swiss"]
[WhiteTeam ""]
[BlackTeam ""]
[PlyCount "149"]
[TimeControl "720+1"]

1. e4 e6 2. d4 d5 3. Nc3 Nf6 4. e5 Nfd7 5. f4 c5 6. Nf3 Nc6 7. Be3 cxd4 
8. Nxd4 Qb6 9. Qd2 Qxb2 10. Rb1 Qa3 11. Bb5 Nxd4 12. Bxd4 a6 13. Bxd7+ Bxd7 
14. Rb3 Qe7 15. Rxb7 Rc8 16. O-O Qd8 17. Qe3 Rc4 18. Rfb1 Be7 19. f5 Bg5 
20. Qd3 O-O 21. Ne4 Bc8 22. Bb6 Be3+ 23. Qxe3 Qh4 24. Nf6+ gxf6 25. Rc7 exf5 
26. Rxc4 dxc4 27. exf6 Kh8 28. Bc7 Rg8 29. Bg3 Qg4 30. c3 Bd7 31. Qf4 Qe2 
32. Rb8 Qd1+ 33. Kf2 Qc2+ 34. Kg1 Qd1+ 35. Qf1 Qg4 36. Rxg8+ Kxg8 37. Qf2 h6 
38. h3 Qg6 39. Be5 Bc6 40. Qg3 Qxg3 41. Bxg3 h5 42. Bf4 Kh7 43. g3 Kg6 
44. Kf2 Kxf6 45. Ke3 h4 46. gxh4 Kg6 47. Kd4 Kh5 48. Bg3 Bb5 49. Ke3 Bd7 
50. Be1 Bb5 51. Kd4 Kg6 52. Ke5 Bd7 53. Bf2 f4 54. Kxf4 Bxh3 55. a4 a5 
56. Bb6 Bd7 57. Bxa5 Bxa4 58. Bd8 Bc2 59. Be7 Bd3 60. Ke3 Bf5 61. Kd4 Bd3 
62. Bg5 f6 63. Be3 Kh5 64. Bf2 f5 65. Ke5 Kg4 66. Be1 f4 67. h5 f3 68. h6 Kg5 
69. Bd2+ Kg4 70. Be3 Kg3 71. Bb6 f2 72. Bxf2+ Kxf2 73. Kd5 Ke3 74. h7 Bxh7 
75. Kxc4 1/2-1/2

[Event "Thursday 11 January Rapid Engine Tour 12+1 Rounds 9 Starts 1600 ST"]
[Site "Infinity Chess"]
[Date "2018.1.11"]
[Round "8"]
[White "SkyPilot"]
[Black "xeonrocks"]
[Result "1/2-1/2"]
[ECO "D30"]
[WhiteElo "2454"]
[BlackElo "2518"]
[WhiteEngine "stockfish_x64_bmi2_2018_01_01_CTG"]
[BlackEngine "asmFishW_CTG"]
[EventType "Swiss"]
[WhiteTeam ""]
[BlackTeam ""]
[PlyCount "89"]
[TimeControl "720+1"]

1. d4 d5 2. c4 e6 3. Nf3 Nf6 4. Nc3 Be7 5. Bg5 h6 6. Bxf6 Bxf6 7. e3 O-O 
8. Rc1 c6 9. Bd3 Nd7 10. O-O dxc4 11. Bxc4 e5 12. Ne4 exd4 13. Nxd4 Be5 
14. f4 Bxd4 15. Qxd4 Nb6 16. Qxd8 Rxd8 17. Bb3 Nd5 18. Bxd5 Rxd5 19. Rcd1 Rxd1 
20. Rxd1 Be6 21. a3 Re8 22. Kf2 Kf8 23. Nc5 Bc8 24. h3 Ke7 25. Ne4 g6 26. g4 h5 
27. Nd6 Rd8 28. Nxc8+ Rxc8 29. gxh5 gxh5 30. Kg3 a5 31. Kh4 Rg8 32. b3 Rg2 
33. a4 Rc2 34. Rd3 Rc5 35. e4 b5 36. axb5 cxb5 37. e5 a4 38. bxa4 bxa4 
39. Kxh5 f6 40. Kg4 fxe5 41. fxe5 a3 42. Rxa3 Rxe5 43. Rf3 Re1 44. h4 Rg1+ 
45. Kh3 1/2-1/2

[Event "Thursday 11 January Rapid Engine Tour 12+1 Rounds 9 Starts 1600 ST"]
[Site "Infinity Chess"]
[Date "2018.1.11"]
[Round "8"]
[White "Harry_Potter"]
[Black "NINJA_JENGKA"]
[Result "1/2-1/2"]
[ECO "A20"]
[WhiteElo "2520"]
[BlackElo "2431"]
[WhiteEngine "asmFishW_2018-01-11_bmi2_CTG"]
[BlackEngine "Houdini 6_CTG"]
[EventType "Swiss"]
[WhiteTeam ""]
[BlackTeam ""]
[PlyCount "98"]
[TimeControl "720+1"]

1. c4 e5 2. g3 Nf6 3. Nc3 Nc6 4. Bg2 Bc5 5. e3 d6 6. Nge2 Bb6 7. d4 O-O 
8. O-O Re8 9. b3 Bf5 10. h3 h6 11. d5 Ne7 12. Bb2 a6 13. Qd2 Ng6 14. Kh2 h5 
15. Rae1 Ba7 16. e4 Bd7 17. f4 b5 18. f5 Nf8 19. Ba3 Qb8 20. Bc1 c6 21. Qd3 bxc4 
22. bxc4 Qd8 23. Ba3 N8h7 24. Rc1 cxd5 25. Nxd5 Nxd5 26. Qxd5 Rc8 27. Qxd6 Nf6 
28. Qxa6 Be3 29. Rcd1 Qc7 30. c5 Bxc5 31. Rc1 Qb6 32. Qxb6 Bxb6 33. Rxc8 Rxc8 
34. Rb1 Bf2 35. Bf3 Ra8 36. Be7 Rxa2 37. Bxf6 gxf6 38. Nc3 Rc2 39. Nd5 Bd4+ 
40. Kh1 Kg7 41. h4 Bc6 42. Bxh5 Rd2 43. Bf3 Ba4 44. Rb4 Bc2 45. Nc7 Bf2 
46. Ne8+ Kh6 47. Nxf6 Bxg3 48. Rb7 Bxh4 49. Rxf7 Bxf6 1/2-1/2

[Event "Thursday 11 January Rapid Engine Tour 12+1 Rounds 9 Starts 1600 ST"]
[Site "Infinity Chess"]
[Date "2018.1.11"]
[Round "8"]
[White "Wolle"]
[Black "Vimtiroba"]
[Result "1/2-1/2"]
[ECO "C50"]
[WhiteElo "2471"]
[BlackElo "2467"]
[WhiteEngine "Raubfisch X37a2_CTG"]
[BlackEngine "AsmFish@J10V2_CTG"]
[EventType "Swiss"]
[WhiteTeam ""]
[BlackTeam ""]
[PlyCount "152"]
[TimeControl "720+1"]

1. e4 e5 2. Nf3 Nc6 3. Bc4 Bc5 4. O-O Nf6 5. d3 d6 6. c3 a5 7. Bg5 Ba7 8. Bh4 h6 
9. Nbd2 g5 10. Bg3 Rb8 11. a4 O-O 12. Re1 Kh8 13. Nf1 Be6 14. b3 Nd7 15. Ra2 Qf6 
16. h3 Rg8 17. Rd2 h5 18. Ne3 g4 19. hxg4 Bxe3 20. Rxe3 Rxg4 21. d4 Bxc4 
22. bxc4 Rbg8 23. c5 exd4 24. cxd4 Qg6 25. cxd6 cxd6 26. Kf1 Kh7 27. Nh2 Rg5 
28. Rdd3 Nf6 29. f4 Rxg3 30. Rxg3 Qxe4 31. Rxg8 Kxg8 32. Kg1 Nd5 33. Qf3 f5 
34. g3 Ncb4 35. Rd2 Kg7 36. Qf2 Nc3 37. Nf3 Qb1+ 38. Kh2 Ne4 39. Rb2 Qa1 
40. Qg2 Qxa4 41. Ng5 Qc6 42. Nxe4 Qxe4 43. Qf1 Kg6 44. Re2 Qc6 45. Re6+ Kf7 
46. Re2 Kg6 47. d5 Nxd5 48. Qg2 Nf6 49. Re6 Kf7 50. Qxc6 bxc6 51. Rxd6 c5 
52. Rc6 Ne4 53. Ra6 a4 54. Rxa4 Ke6 55. Kg2 Kd5 56. Kf3 c4 57. Ra1 c3 
58. Ke2 Nxg3+ 59. Kd3 Ne4 60. Ra5+ Ke6 61. Kc2 h4 62. Ra6+ Kd5 63. Rh6 Kd4 
64. Rxh4 Nf6 65. Rh3 Ne4 66. Rd3+ Kc4 67. Rd1 Nf6 68. Ra1 Ne4 69. Ra5 Nd6 
70. Ra4+ Kb5 71. Ra1 Kb4 72. Kd3 Ne4 73. Rb1+ Kc5 74. Ra1 Kb4 75. Rb1+ Kc5 
76. Ra1 Kb4 1/2-1/2

[Event "Thursday 11 January Rapid Engine Tour 12+1 Rounds 9 Starts 1600 ST"]
[Site "Infinity Chess"]
[Date "2018.1.11"]
[Round "8"]
[White "Susanne"]
[Black "Klaus"]
[Result "1/2-1/2"]
[ECO "C50"]
[WhiteElo "2486"]
[BlackElo "2437"]
[WhiteEngine "asmFishW_20_bmi2_CTG"]
[BlackEngine "asmFishW_2017-11-19_bmi2_CTG"]
[EventType "Swiss"]
[WhiteTeam ""]
[BlackTeam ""]
[PlyCount "243"]
[TimeControl "720+1"]

1. e4 e5 2. Nf3 Nc6 3. Bc4 Bc5 4. O-O Nf6 5. d3 d6 6. c3 a5 7. Bg5 Ba7 8. Bh4 h6 
9. Na3 O-O 10. Re1 g5 11. Bg3 g4 12. Bh4 gxf3 13. Qxf3 Kg7 14. Rad1 h5 
15. h3 Rh8 16. Qg3+ Kf8 17. Nb5 Bb6 18. d4 Rg8 19. Qh2 exd4 20. cxd4 Qd7 
21. Kh1 d5 22. Qf4 Rg6 23. exd5 Nxd5 24. Qf3 Ncb4 25. Nc3 c6 26. a3 Qf5 
27. Qxf5 Bxf5 28. axb4 Nxb4 29. Re7 Be6 30. Bxe6 Rxe6 31. Rxb7 Nd5 32. Nxd5 cxd5 
33. Rd7 Re4 34. Bf6 Rf4 35. Rd6 Bc7 36. Rc6 Re8 37. f3 Re6 38. Rxc7 Rfxf6 
39. Rc5 Re2 40. Rxd5 a4 41. Ra5 Rb6 42. Rxa4 Rbxb2 43. Rg1 Rb5 44. Kh2 Rd5 
45. Kg3 Kg7 46. Kh4 Rf2 47. Ra8 Rd2 48. f4 R2xd4 49. g3 Rb5 50. Rc1 Rd7 
51. Rc6 f6 52. Ra4 Kg6 53. Rc3 Rf5 54. Rca3 Kh6 55. Ra2 Kg7 56. Ra6 Kg6 
57. Rf2 Rb5 58. Rfa2 Rc5 59. Rg2 Rf5 60. Ra3 Kg7 61. Raa2 Kh7 62. Rg1 Kg6 
63. Rc1 Rg5 64. Rc6 Rb5 65. Rc8 Kh7 66. Rh2 Kg6 67. Re2 Rf5 68. Re1 Rfd5 
69. Rf1 Kh7 70. Rg1 Kg7 71. Re1 Kg6 72. Re3 Kf7 73. Rcc3 Rf5 74. Rc6 Rfd5 
75. Rc1 Kg6 76. Re8 Rd1 77. Rg8+ Kh7 78. Rcc8 R1d5 79. Rgf8 Kg7 80. Rb8 Ra5 
81. Rbe8 Rb5 82. Ra8 Kg6 83. Ra1 Kg7 84. Raa8 Kg6 85. Ra4 Rf5 86. Re4 Rfd5 
87. Ree8 Ra7 88. Re6 Rf7 89. Rh8 Rc7 90. Rhe8 Rg7 91. Re3 Rgd7 92. Ra8 Kg7 
93. Raa3 Kg6 94. Re4 Rf5 95. Raa4 Rfd5 96. Re6 Rf5 97. Rc6 Rb5 98. Raa6 Rf5 
99. Rcb6 Kg7 100. Rd6 Re7 101. g4 Rxf4 102. Kxh5 Re5+ 103. Kh4 Re7 104. Kh5 Re5+ 
105. Kh4 Re7 106. Kg3 Rf1 107. Kg2 Ree1 108. Re6 Rd1 109. Rad6 Rg1+ 110. Kh2 Rc1 
111. Rc6 Rcf1 112. Rb6 Rh1+ 113. Kg3 Kg6 114. Rb7 Rc1 115. Rbe7 Rc3+ 
116. Re3 Rxe3+ 117. Rxe3 f5 118. Re6+ Kf7 119. gxf5 Rf1 120. Kg4 Rg1+ 
121. Kh4 Rf1 122. Kg4 1/2-1/2

[Event "Thursday 11 January Rapid Engine Tour 12+1 Rounds 9 Starts 1600 ST"]
[Site "Infinity Chess"]
[Date "2018.1.11"]
[Round "7"]
[White "Thinker"]
[Black "Zor"]
[Result "1/2-1/2"]
[ECO "B90"]
[WhiteElo "2455"]
[BlackElo "2442"]
[WhiteEngine "BrainFish_180106_x64_modern_CTG"]
[BlackEngine "Cryptic Heroes AI V4"]
[EventType "Swiss"]
[WhiteTeam ""]
[BlackTeam ""]
[PlyCount "77"]
[TimeControl "720+1"]

1. e4 c5 2. Nf3 d6 3. d4 cxd4 4. Nxd4 Nf6 5. Nc3 a6 6. Be3 e5 7. Nb3 Be7 
8. Be2 Be6 9. Qd3 O-O 10. O-O Nc6 11. a3 Rc8 12. Nd5 Nd7 13. Qd2 h6 14. Rfd1 Bg5 
15. Bxg5 Qxg5 16. Qxg5 hxg5 17. h3 Rfd8 18. Bg4 Nf6 19. Bxe6 fxe6 20. Nb6 Rc7 
21. f3 Nd4 22. Nxd4 exd4 23. Rxd4 Rxc2 24. e5 Nh5 25. Rxd6 Re8 26. Rad1 Rxb2 
27. Kh2 Nf4 28. R1d2 Rb3 29. a4 Rb4 30. Nd7 Rc8 31. g3 Nd5 32. Rxe6 Rc1 
33. Re8+ Kf7 34. Rf8+ Ke6 35. Rd8 Ke7 36. Rg8 Kf7 37. Rf8+ Ke7 38. Rg8 Kf7 
39. Rf8+ 1/2-1/2

[Event "Thursday 11 January Rapid Engine Tour 12+1 Rounds 9 Starts 1600 ST"]
[Site "Infinity Chess"]
[Date "2018.1.11"]
[Round "7"]
[White "SkyPilot"]
[Black "Syed_Ali"]
[Result "1-0"]
[ECO "C11"]
[WhiteElo "2438"]
[BlackElo "2441"]
[WhiteEngine "stockfish_x64_bmi2_2018_01_01_CTG"]
[BlackEngine "stockfish_17111816_x64_bmi2"]
[EventType "Swiss"]
[WhiteTeam ""]
[BlackTeam ""]
[PlyCount "129"]
[TimeControl "720+1"]

1. e4 e6 2. d4 d5 3. Nc3 Nf6 4. e5 Nfd7 5. f4 c5 6. Nf3 Nc6 7. Be3 Qb6 
8. Na4 Qa5+ 9. c3 c4 10. b4 Qc7 11. Be2 b5 12. Nc5 Nxc5 13. bxc5 b4 
14. cxb4 Nxb4 15. h4 Rb8 16. h5 Nc6 17. Bd2 f6 18. Bc3 Be7 19. Qd2 O-O 
20. O-O Kh8 21. g4 Qd8 22. Bd1 Qe8 23. Qh2 Bd7 24. exf6 Bxf6 25. Bc2 Bd8 
26. Rae1 Bc7 27. Ng5 h6 28. Bg6 Qc8 29. Nh7 Rg8 30. Qh3 e5 31. Ng5 Be8 
32. f5 Bd8 33. Ne6 exd4 34. Nxg7 Bxg6 35. hxg6 Kxg7 36. Bd2 Rh8 37. Re8 Bf6 
38. g5 Qxe8 39. gxf6+ Kxf6 40. Qh4+ Kg7 41. f6+ Kxg6 42. Qg4+ Kf7 43. Qh5+ Kf8 
44. Bxh6+ Rxh6 45. Qxh6+ Kf7 46. Qg7+ Ke6 47. Re1+ Ne5 48. f7 Qf8 49. Qxe5+ Kd7 
50. Qxd5+ Kc7 51. Qd6+ Qxd6 52. cxd6+ Kc6 53. Re8 Rb1+ 54. Kf2 Rb2+ 55. Kg3 Rxa2 
56. f8=Q Ra3+ 57. Kf4 Ra1 58. Rc8+ Kb6 59. Qd8+ Ka6 60. Rc5 Rf1+ 61. Kg3 Rg1+ 
62. Kf2 Rg7 63. Qa5+ Kb7 64. Qb4+ Ka6 65. Ra5# 1-0

[Event "Thursday 11 January Rapid Engine Tour 12+1 Rounds 9 Starts 1600 ST"]
[Site "Infinity Chess"]
[Date "2018.1.11"]
[Round "7"]
[White "RonWeasley"]
[Black "Satria_Ungu"]
[Result "1/2-1/2"]
[ECO "A00"]
[WhiteElo "2431"]
[BlackElo "2386"]
[WhiteEngine "BrainFish 060118_CTG"]
[BlackEngine "Houdini 6"]
[EventType "Swiss"]
[WhiteTeam ""]
[BlackTeam ""]
[PlyCount "107"]
[TimeControl "720+1"]

1. a3 e5 2. e3 d5 3. d4 exd4 4. exd4 Bd6 5. Nc3 Nf6 6. Nb5 Be7 7. Bf4 Na6 
8. Nc3 O-O 9. Nf3 Ne4 10. Nxe4 dxe4 11. Bxa6 bxa6 12. Ne5 Bd6 13. Qe2 Qe8 
14. Bg3 Rb8 15. O-O f5 16. Qe3 a5 17. b3 h6 18. f4 exf3 19. Qxf3 Bb7 20. Qc3 a4 
21. b4 Qe6 22. Rae1 a5 23. Nc4 Qg6 24. Nxd6 cxd6 25. Qc4+ Kh7 26. d5 Rbc8 
27. Qd3 axb4 28. axb4 f4 29. Qxg6+ Kxg6 30. Rxf4 Rxf4 31. Bxf4 Bxd5 32. Ra1 Rc4 
33. Bxd6 Bc6 34. Rc1 Bb5 35. g3 h5 36. Re1 Rxc2 37. Re6+ Kf7 38. Re5 Bd3 
39. Ra5 Be4 40. Re5 Bg2 41. b5 g6 42. Re7+ Kf6 43. Ra7 Bd5 44. Rxa4 Rg2+ 
45. Kf1 Rb2 46. Rb4 Rxb4 47. Bxb4 Bc4+ 48. Kg1 Bxb5 49. Bc3+ Kf5 50. h3 Ba4 
51. Bb4 Ke4 52. Kf2 Bc6 53. g4 hxg4 54. hxg4 1/2-1/2

[Event "Thursday 11 January Rapid Engine Tour 12+1 Rounds 9 Starts 1600 ST"]
[Site "Infinity Chess"]
[Date "2018.1.11"]
[Round "7"]
[White "MedusaV2"]
[Black "MarioDeMonti"]
[Result "1/2-1/2"]
[ECO "A00"]
[WhiteElo "2408"]
[BlackElo "2397"]
[WhiteEngine "corchess_1.8.1_x64"]
[BlackEngine "stockfish_x64_bmi2_2018_01_01_CTG"]
[EventType "Swiss"]
[WhiteTeam ""]
[BlackTeam ""]
[PlyCount "145"]
[TimeControl "720+1"]

1. a3 d5 2. d4 Nf6 3. Nf3 e6 4. Bf4 c5 5. e3 Nc6 6. h3 b6 7. Bb5 Bb7 8. c3 a6 
9. Bd3 c4 10. Bc2 Bd6 11. Nbd2 b5 12. Bxd6 Qxd6 13. O-O O-O 14. b3 Nb8 
15. bxc4 bxc4 16. Ne5 Nc6 17. Ng4 Nxg4 18. hxg4 e5 19. g5 exd4 20. exd4 Bc8 
21. Re1 Qf4 22. Nf3 Qd6 23. Qc1 Bg4 24. Nh2 Bd7 25. Rb1 Rae8 26. Rxe8 Rxe8 
27. Rb6 Qc7 28. Rxa6 Qb7 29. Ra4 Qb5 30. Qd2 Bf5 31. Bd1 Kf8 32. Nf1 Bg4 
33. Bc2 Bf5 34. Bd1 Bg4 35. f3 Bd7 36. Qf4 Rd8 37. Bc2 Qb2 38. Qd2 Re8 
39. Ne3 Qb8 40. Nxd5 Qg3 41. Ne3 Qxg5 42. Nxc4 Qxd2 43. Nxd2 Re2 44. Ra8+ Ke7 
45. d5 Ne5 46. d6+ Kxd6 47. Ne4+ Ke7 48. Bb3 Re1+ 49. Kh2 Re2 50. Kg3 f5 
51. Nc5 g5 52. Nxd7 f4+ 53. Kh3 Kxd7 54. Ra7+ Kd6 55. Ra6+ Kc7 56. Rf6 Re3 
57. Bd5 Rxc3 58. a4 Rc1 59. Kh2 Rc5 60. Be4 h5 61. Rf5 Kd6 62. Kh3 Nd7 
63. a5 Rxf5 64. Bxf5 Ne5 65. Be4 Kc5 66. g3 g4+ 67. Kg2 gxf3+ 68. Kf2 fxg3+ 
69. Kxg3 f2 70. Kxf2 Ng4+ 71. Kg3 Kb5 72. Kf4 Nf6 73. Bb1 1/2-1/2

[Event "Thursday 11 January Rapid Engine Tour 12+1 Rounds 9 Starts 1600 ST"]
[Site "Infinity Chess"]
[Date "2018.1.11"]
[Round "7"]
[White "miguello"]
[Black "THE_MACHINE"]
[Result "1/2-1/2"]
[ECO "D30"]
[WhiteElo "2403"]
[BlackElo "2497"]
[WhiteEngine "asmFishW_2017-11-19_popcnt_CTG"]
[BlackEngine "Houdini 6"]
[EventType "Swiss"]
[WhiteTeam ""]
[BlackTeam ""]
[PlyCount "114"]
[TimeControl "720+1"]

1. d4 d5 2. c4 e6 3. Nf3 Nf6 4. g3 Bb4+ 5. Bd2 Be7 6. Bg2 O-O 7. O-O c6 
8. Qc2 Nbd7 9. Bf4 b6 10. Rd1 Ba6 11. cxd5 cxd5 12. Ne5 Nxe5 13. dxe5 Ng4 
14. h3 Rc8 15. Qa4 Bxe2 16. Re1 b5 17. Qa6 Nxf2 18. Kxf2 Bc4 19. Kg1 b4 
20. Qa4 Bc5+ 21. Kh2 Bf2 22. Rd1 g5 23. Bd2 Be2 24. Bxb4 Bxd1 25. Qxd1 Qb6 
26. Qg4 Qe3 27. Nd2 Rc2 28. Bxf8 Kxf8 29. Nf3 h5 30. Qxg5 Qxf3 31. Qd8+ Kg7 
32. Qg5+ Kh7 33. Bxf3 Be3+ 34. Kh1 Bxg5 35. Bxh5 Rf2 36. Re1 Bd8 37. Re3 Kg7 
38. Rf3 Rxf3 39. Bxf3 Bc7 40. Kg2 Bxe5 41. b4 d4 42. Be2 Bd6 43. b5 f5 
44. Bd3 Kg6 45. g4 Kg5 46. gxf5 exf5 47. Kf3 Bc7 48. h4+ Kxh4 49. Bxf5 Kg5 
50. Bd3 Bb6 51. Ke4 Kh4 52. Kf4 Bc5 53. Bf5 Bd6+ 54. Ke4 Kg5 55. Bd7 Bc5 
56. a3 d3 57. Kxd3 Bxa3 1/2-1/2

[Event "Thursday 11 January Rapid Engine Tour 12+1 Rounds 9 Starts 1600 ST"]
[Site "Infinity Chess"]
[Date "2018.1.11"]
[Round "7"]
[White "angriff"]
[Black "CrossingJordan"]
[Result "1/2-1/2"]
[ECO "C50"]
[WhiteElo "2410"]
[BlackElo "2410"]
[WhiteEngine "SF_64BIT_POPCNT_CTG"]
[BlackEngine "asmFishW_2017-12-20_bmi2_CTG"]
[EventType "Swiss"]
[WhiteTeam ""]
[BlackTeam ""]
[PlyCount "104"]
[TimeControl "720+1"]

1. e4 e5 2. Nf3 Nc6 3. Bc4 Bc5 4. O-O Nf6 5. d3 d6 6. c3 a5 7. Re1 Ba7 
8. Nbd2 O-O 9. h3 Be6 10. Bb5 Ne7 11. d4 Ng6 12. Nf1 exd4 13. cxd4 d5 14. e5 Ne4 
15. Bd3 f6 16. exf6 Qxf6 17. Ng3 Nxf2 18. Kxf2 Nh4 19. Be3 c6 20. Kg1 Nxf3+ 
21. Qxf3 Qxf3 22. gxf3 Rxf3 23. Kg2 Raf8 24. Bg1 Bxh3+ 25. Kxh3 Rxd3 
26. Rad1 Rxd1 27. Rxd1 Rf6 28. Rd3 Bb8 29. Kg2 Kf7 30. Bh2 Rg6 31. Rb3 b5 
32. Rf3+ Ke6 33. Rf8 Bxg3 34. Bxg3 Rg4 35. Rc8 h5 36. Rxc6+ Kd7 37. Rd6+ Ke7 
38. Rxd5 h4 39. Kh3 Rxg3+ 40. Kxh4 Rd3 41. Rxb5 Rxd4+ 42. Kg3 a4 43. Kf3 Rd3+ 
44. Ke4 Rd2 45. Kf3 Rd4 46. Kf2 Kd6 47. Rb7 Rd2+ 48. Ke3 Rh2 49. Rxg7 Rxb2 
50. Rg6+ Kc5 51. Rg5+ Kb4 52. Rg4+ Ka3 1/2-1/2

[Event "Thursday 11 January Rapid Engine Tour 12+1 Rounds 9 Starts 1600 ST"]
[Site "Infinity Chess"]
[Date "2018.1.11"]
[Round "7"]
[White "IronMan"]
[Black "ocirema"]
[Result "1/2-1/2"]
[ECO "A20"]
[WhiteElo "2417"]
[BlackElo "2409"]
[WhiteEngine "Stockfish SL FA PB BMI2"]
[BlackEngine "stockfish_18010422_x64_modern_CTG"]
[EventType "Swiss"]
[WhiteTeam ""]
[BlackTeam ""]
[PlyCount "121"]
[TimeControl "720+1"]

1. c4 e5 2. g3 Nf6 3. Bg2 d5 4. cxd5 Nxd5 5. Nf3 Nc6 6. O-O Nb6 7. b3 f6 
8. Bb2 Be7 9. d4 e4 10. Ne1 f5 11. f3 exf3 12. Bxf3 Ne5 13. Bh5+ g6 14. Nc3 Nf7 
15. Bf3 O-O 16. e3 Re8 17. Nd3 Bf6 18. Nf4 c6 19. Qd2 Be6 20. d5 Bxd5 
21. Ncxd5 Bxb2 22. Qxb2 Nxd5 23. Nxd5 cxd5 24. Qd4 Qb6 25. Qxb6 axb6 
26. Bxd5 Rxe3 27. Bxb7 Ra3 28. Bd5 Kf8 29. Bxf7 Kxf7 30. Rfc1 Kg7 31. Kf2 Rd3 
32. Ke2 Rd7 33. Rc2 Rda7 34. h4 Rxb3 35. axb3 Rxa1 36. Rc6 Kh6 37. Rxb6 Kh5 
38. Rb4 Rg1 39. Kf3 Rf1+ 40. Ke2 Rg1 41. Kf3 Rc1 42. Kf4 Rf1+ 43. Ke3 Rb1 
44. Kf2 Rb2+ 45. Kf3 g5 46. hxg5 Kxg5 47. Rb7 h5 48. Rb5 Rb1 49. Rb6 Rf1+ 
50. Kg2 Re1 51. b4 Rc1 52. b5 Rc2+ 53. Kf1 Kg4 54. Rg6+ Kf3 55. Rc6 Rb2 
56. Rc3+ Kg4 57. Rc5 Kxg3 58. Rxf5 h4 59. Rg5+ Kf4 60. Rh5 h3 61. Rxh3 1/2-1/2

[Event "Thursday 11 January Rapid Engine Tour 12+1 Rounds 9 Starts 1600 ST"]
[Site "Infinity Chess"]
[Date "2018.1.11"]
[Round "7"]
[White "NINJA_JENGKA"]
[Black "KillBill2017"]
[Result "1-0"]
[ECO "A05"]
[WhiteElo "2415"]
[BlackElo "2422"]
[WhiteEngine "Houdini 6_CTG"]
[BlackEngine "Raubfisch ME262_GTZ16b1._CTG"]
[EventType "Swiss"]
[WhiteTeam ""]
[BlackTeam ""]
[PlyCount "219"]
[TimeControl "720+1"]

1. Nf3 Nf6 2. d4 d5 3. c4 e6 4. Nc3 c6 5. Bg5 h6 6. Bxf6 Qxf6 7. e3 Nd7 
8. Bd3 dxc4 9. Bxc4 g6 10. O-O Bg7 11. h3 O-O 12. a4 a5 13. Qe2 Qe7 14. e4 e5 
15. d5 Nb6 16. b3 Qb4 17. Rac1 Bd7 18. Ne1 Nxc4 19. bxc4 Qc5 20. Qa2 cxd5 
21. Nxd5 Bc6 22. Nf3 Rfd8 23. Rfd1 Rac8 24. Ra1 Rd7 25. Rab1 Rb8 26. Qb3 Rdd8 
27. h4 Kh7 28. h5 Qf8 29. Rd3 g5 30. Nd2 Qe8 31. Ra1 Qf8 32. Nf1 f5 33. Ng3 f4 
34. Nf5 Qf7 35. Rad1 Ra8 36. R1d2 Rg8 37. Nd6 Qxh5 38. Rh3 Qg6 39. Ne7 Qf6 
40. Ndf5 Rgd8 41. Rxd8 Rxd8 42. Nxh6 Bxh6 43. Nf5 Rh8 44. Rxh6+ Qxh6 
45. Nxh6 Kxh6 46. Qb6 Kg6 47. Qxa5 Re8 48. Qb6 Kf7 49. a5 Re6 50. f3 g4 
51. Qc7+ Re7 52. Qc8 gxf3 53. gxf3 Re6 54. Kf2 Ke7 55. Qc7+ Kf8 56. Kg2 Re7 
57. Qd6 Bd7 58. c5 Kf7 59. Kf2 Ba4 60. c6 Bxc6 61. a6 Re6 62. Qc7+ Re7 
63. Qc8 bxa6 64. Qxc6 Re6 65. Qd7+ Kf6 66. Ke2 Re7 67. Qd6+ Kf7 68. Qxa6 Re6 
69. Qc8 Ke7 70. Qc7+ Kf6 71. Qd7 Re7 72. Qf5+ Kg7 73. Kd3 Rb7 74. Qxe5+ Kg6 
75. Qxf4 Rb3+ 76. Kc2 Rb7 77. e5 Rc7+ 78. Kd1 Rd7+ 79. Ke1 Rc7 80. e6 Ra7 
81. e7 Ra1+ 82. Kf2 Ra2+ 83. Kg3 Ra8 84. e8=Q+ Rxe8 85. Qc1 Rh8 86. f4 Rg8 
87. f5+ Kxf5+ 88. Kf3 Rd8 89. Qc5+ Ke6 90. Ke4 Rd6 91. Qc7 Rd2 92. Qc4+ Kd7 
93. Qa4+ Kc8 94. Ke5 Rd7 95. Ke6 Rb7 96. Kd6 Rb6+ 97. Kc5 Rb7 98. Qa8+ Kc7 
99. Qe8 Ra7 100. Qe5+ Kb7 101. Kb5 Ra2 102. Qd5+ Kc7 103. Qxa2 Kd6 104. Qe2 Kd5 
105. Qe3 Kd6 106. Qe4 Kd7 107. Qe5 Kc8 108. Qe7 Kb8 109. Kb6 Kc8 110. Qc7# 1-0